 Dungeon Sprint DCSS version 0.30-a0-964-gd452b5e7fa (webtiles) character file.

Game seed: 6482938377870596541

2062 dialectric the Imperceptible (level 9, -4/38 HPs)
             Began as a Spriggan Brigand on Mar 30, 2023.
             Was an Elder of Dithmenos.
             Succumbed to barbed spike wounds
             ... in the Dungeon (Sprint II: "The Violet Keep of Menkaure").
             The game lasted 00:03:14 (424 turns).

dialectric the Imperceptible (Spriggan Brigand)      Turns: 424, Time: 00:03:14

Health: -4/38      AC:  2    Str:  9      XL:     9   Next: 5%
Magic:  9/9        EV: 22    Int:  7 (10) God:    Dithmenos [****..]
Gold:   992        SH:  0    Dex: 19      Spells: 8/8 levels left

rFire   . . .      SeeInvis +    a - +2 dagger
rCold   . . .      Faith    .    (no shield)
rNeg    . . .      Spirit   .    b - +0 robe
rPois   .          Reflect  .    (helmet restricted)
rElec   .          Rampage  .    c - +0 cloak
rCorr   .          NoTele   +    (gloves unavailable)
Will    +....                    (boots unavailable)
Stlth   +++++++                  (no amulet)
HPRegen 0.26/turn                (no ring)
MPRegen 0.11/turn                (no ring)

@: spiked, wreathed by umbra, slow
A: very small, no large weapons, unfitting armour, see invisible, speed 3,
deformed body, dopey 1, frail 2, low MP 1
a: Renounce Religion, Shadow Step


You were in the Dungeon.
You worshipped Dithmenos.
Dithmenos was greatly pleased with you.
You visited 1 branch You collected 1134 gold pieces.
You spent 142 gold pieces at shops.

Inventory:

Hand Weapons
 a - a +2 dagger (weapon)
Missiles
 d - 9 poisoned darts (quivered)
 e - 3 curare-tipped darts
Armour
 b - a +0 robe (worn)
 c - a +0 cloak (worn)
Scrolls
 k - 2 scrolls of blinking
Potions
 f - 3 potions of curing
 h - a potion of haste
 i - 2 potions of magic
 j - a potion of berserk rage


   Skills:
 + Level 5.8 Fighting
 + Level 8.3 Short Blades
 - Level 3.3 Throwing
 + Level 7.8 Dodging
 + Level 24.7 Stealth


You had 8 spell levels left.
You didn't know any spells.
Your spell library was empty.

Dungeon Overview and Level Annotations

Branches:
Dungeon (1/1)

Altars:
Cheibriados
Dithmenos
Elyvilon
Fedhas
Gozag
Hepliaklqana
Kikubaaqudgha
Makhleb
Nemelex Xobeh
Okawaru
Qazlal
Ru
Sif Muna
Trog
Uskayaw
Vehumet
Wu Jian
Xom
Yredelemnul
Zin
The Shining One
Jiyva
Lugonu

Shops:
D =(:!(:**(!=[?[!

Annotations:
D exclusions: obsidian statue, oklob plant and orange crystal statue, Kirke


Innate Abilities, Weirdness & Mutations

You are very small and have problems with some larger weapons.
You are too small for most types of armour.
You have supernaturally acute eyesight. (SInv)
You cover ground extremely quickly. (Speed+++)
Armour fits poorly on your strangely shaped body.
You are dopey. (Int -2)
You are very frail. (-20% HP)
Your magical capacity is low. (-10% MP)


Message History

There is an open door here.
Really walk into a travel-excluded area?
There is an open door here.
Kirke, a yaktaur captain and a kobold demonologist come into view.
A centaur warrior comes into view.
An elephant comes into view.
The elephant trumpets!
The centaur warrior shouts!
Kirke shouts!
The kobold demonologist shouts!
You enter the shallow water.
Moving in this stuff is going to be slow.
A skeletal warrior comes into view. It is wielding a +0 long sword.
Found 81 gold pieces.
The kobold demonologist casts a spell.
The yaktaur captain shouts!
The red devil closely misses you. The red devil attacks as you move away!
The red devil hits you with a +0 trident!
Barbed spikes become lodged in your body.
The barbed spikes dig painfully into your body as you move.
The red devil hits you from afar with a +0 trident!
* * * LOW HITPOINT WARNING * * *
Barbed spikes become lodged in your body.
The barbs in your skin will harm you if you move.
Continue?
Okay, then.
The barbs in your skin will harm you if you move.
Continue? [Y]es or [N]o only, please.
The barbs in your skin will harm you if you move.
Continue? [Y]es or [N]o only, please.
The barbs in your skin will harm you if you move.
Continue?
Okay, then.
Unknown command.
There are monsters nearby!
The barbs in your skin will harm you if you move.
Continue?
The barbed spikes dig painfully into your body as you move.
* * * LOW HITPOINT WARNING * * *
The red devil closely misses you.
The barbed spikes dig painfully into your body as you move.
* * * LOW HITPOINT WARNING * * *
The barbed spikes dig painfully into your body as you move.
You die...

##§§§§§≈≈## ##§§§≈§≈§≈≈## ###
+≈§§≈§8§§≈§≈##++##
#.Yc####§§§≈§≈§§§##≈...#
#$zK.c~##≈§≈≈§§≈# e≈....
############4~#+++#'''#####...
###########~~~...§.....#.†'...
##........#~~~~.##'##..#.†####
##....⌠...#~r@~##...##.####.Y+
##...∩.∩..#~~~~#..##.# ...#.Y#
##..∩.∩...#~~######.####..####
##.∩.∩.∩.∩#~##.###'###.##..#.†
##∩.∩...∩.#~#.#.##.###..#..#†.
##.∩.....∩'~+###'.<.'.##+.y###
##∩.......#~#.#.##.###..#....#
#▓▓▓▓▓▓▓###~##†###'###.##..h..
##:YY######~~####...####~~...§


You could see a yaktaur captain, a red devil (summoned) and a hell rat.

Vanquished Creatures
  5 wyverns (D)
  A yak (D)
  3 neqoxecs (D)
  A water moccasin (D)
  3 black bears (D)
  4 necrophages (D)
  4 scorpions (D)
21 creatures vanquished.

Vanquished Creatures (others)
  Menkaure (D)
1 creature vanquished.

Grand Total: 22 creatures vanquished

Notes
Turn   | Place    | Note
-------+----------+-------------------------------------------
     0 | D        | dialectric the Spriggan Brigand began the quest for the
                  | Orb.
     0 | D        | Reached XP level 1. HP: 10/10 MP: 2/2
     1 | D        | Noticed a wyvern
     1 | D        | Noticed a wyvern
     4 | D        | Noticed a neqoxec
     7 | D        | Noticed a scorpion
     7 | D        | Noticed a scorpion
     9 | D        | Noticed a scorpion
     9 | D        | Noticed a scorpion
    10 | D        | Killed a scorpion
    11 | D        | Reached skill level 11 in Stealth
    11 | D        | Reached XP level 2. HP: 16/16 MP: 3/3
    11 | D        | Reached XP level 3. HP: 19/19 MP: 4/4
    12 | D        | Killed a scorpion
    13 | D        | Reached skill level 13 in Stealth
    13 | D        | Reached XP level 4. HP: 23/23 MP: 5/5
    14 | D        | Killed a scorpion
    15 | D        | Reached skill level 15 in Stealth
    15 | D        | Reached XP level 5. HP: 28/28 MP: 6/6
    17 | D        | Reached skill level 16 in Stealth
    23 | D        | Killed Menkaure
    26 | D        | Reached skill level 17 in Stealth
    26 | D        | Reached XP level 6. HP: 32/32 MP: 7/7
    27 | D        | Reached skill level 5 in Short Blades
    27 | D        | Reached skill level 18 in Stealth
    29 | D        | Noticed an obsidian statue
    50 | D        | Reached skill level 19 in Stealth
    79 | D        | Found an iron altar of Okawaru.
    79 | D        | Found a radiant altar of Vehumet.
    80 | D        | Found a sparkling altar of Nemelex Xobeh.
    80 | D        | Found a hide-covered altar of Uskayaw.
    80 | D        | Found a glowing silver altar of Zin.
    81 | D        | Found an opulent altar of Gozag.
    81 | D        | Found a burning altar of Makhleb.
    81 | D        | Found a bloodstained altar of Trog.
    83 | D        | Found a blossoming altar of Fedhas.
    83 | D        | Found a corrupted altar of Lugonu.
    83 | D        | Found a basalt altar of Yredelemnul.
    83 | D        | Found a shimmering blue altar of Sif Muna.
    84 | D        | Found a white marble altar of Elyvilon.
    84 | D        | Found an ancient bone altar of Kikubaaqudgha.
    85 | D        | Found a shadowy altar of Dithmenos.
    85 | D        | Found a viscous altar of Jiyva.
    86 | D        | Found a snail-covered altar of Cheibriados.
    88 | D        | Found a shimmering altar of Xom.
    88 | D        | Found a sacrificial altar of Ru.
    88 | D        | Found a hazy altar of Hepliaklqana.
    89 | D        | Found a glowing golden altar of the Shining One.
    89 | D        | Found an ornate altar of the Wu Jian Council.
    89 | D        | Found a stormy altar of Qazlal.
    90 | D        | Noticed a water moccasin
    91 | D        | Noticed a water moccasin
    92 | D        | Noticed a water moccasin
    94 | D        | Became a worshipper of Dithmenos the Shadowed
   104 | D        | Noticed a wyvern
   105 | D        | Noticed a wyvern
   105 | D        | Noticed a wyvern
   106 | D        | Killed a wyvern
   107 | D        | Reached skill level 20 in Stealth
   107 | D        | Reached XP level 7. HP: 30/38 MP: 8/8
   107 | D        | Killed a wyvern
   108 | D        | Reached skill level 21 in Stealth
   109 | D        | Killed a wyvern
   109 | D        | Reached * piety under Dithmenos
   116 | D        | Noticed a yak
   117 | D        | Noticed a yak
   117 | D        | Noticed a yak
   118 | D        | Killed a yak
   119 | D        | Reached skill level 5 in Dodging
   119 | D        | Reached skill level 22 in Stealth
   119 | D        | Reached XP level 8. HP: 36/42 MP: 9/9
   123 | D        | Noticed a deep elf master archer
   129 | D        | Reached skill level 5 in Fighting
   129 | D        | Reached ** piety under Dithmenos
   143 | D        | Reached skill level 23 in Stealth
   163 | D        | Noticed a yaktaur
   163 | D        | Noticed a hornet
   163 | D        | Noticed a polar bear
   163 | D        | Noticed a polar bear
   194 | D        | Gained mutation: You are frail. (-10% HP) [a neqoxec]
   210 | D        | Gained mutation: Armour fits poorly on your strangely
                  | shaped body. [a neqoxec]
   212 | D        | Reached *** piety under Dithmenos
   213 | D        | Reached skill level 24 in Stealth
   253 | D        | Noticed an orange crystal statue
   260 | D        | Found Akilodas's Antique Armour Shoppe.
   260 | D        | Found Tithrej's Distillery.
   262 | D        | Found Cucoe's Magic Scroll Shoppe.
   263 | D        | Found Zaf Solio's Jewellery Shoppe.
   263 | D        | Found Peiryrgh's Antique Armour Emporium.
   264 | D        | Found Petuist's Distillery.
   265 | D        | Found Tumips's General Store.
   265 | D        | Found Wuhob's Antique Weapon Shoppe.
   266 | D        | Found Peufuutis's Book Emporium.
   266 | D        | Found Hisoz's Assorted Antiques.
   266 | D        | Noticed a polar bear
   267 | D        | Noticed a death yak
   270 | D        | Found Juewi's Antique Weapon Shoppe.
   270 | D        | Found Etoulism's Distillery.
   270 | D        | Noticed a polar bear
   270 | D        | Noticed an oklob plant
   271 | D        | Found Qoetzufuv's Jewellery Emporium.
   271 | D        | Found Wymaecio's Antique Weapon Shoppe.
   271 | D        | Found Jiqy's Book Shoppe.
   289 | D        | Gained mutation: You are dopey. (Int -2) [a neqoxec]
   291 | D        | Gained mutation: You are very frail. (-20% HP) [a neqoxec]
   301 | D        | Gained mutation: Your magical capacity is low. (-10% MP) [a
                  | neqoxec]
   302 | D        | Reached **** piety under Dithmenos
   303 | D        | Reached XP level 9. HP: 23/38 MP: 9/9
   364 | D        | Bought a scroll of blinking for 82 gold pieces
   379 | D        | Bought 2 potions of curing for 60 gold pieces
   416 | D        | Noticed Kirke
   416 | D        | Noticed a yaktaur captain
   416 | D        | Noticed a kobold demonologist
   417 | D        | Noticed a centaur warrior
   418 | D        | Noticed an elephant
   419 | D        | Noticed a skeletal warrior
   420 | D        | Noticed a red devil
   423 | D        | HP: 1/38 [barbs]
   424 | D        | Succumbed to barbed spike wounds

Illustrated notes

Levels and vault maps discovered:
D:        the_violet_keep_of_menkaure [sprint2_stairs_cluster_1,
          sprint2_shoproom, sprint2_temple, sprint2_basic_supplies,
          sprint2_obstacle_3, sprint2_obstacle_2, sprint2_obstacle_4,
          sprint2_obstacle_7, sprint2_obstacle_5, sprint2_timed_cluster_1,
          sprint2_smallroom_cluster_1, sprint2_smallroom_final_cluster_1,
          sprint2_transparent_cluster_1, sprint2_second_timed_cluster_1,
          sprint2_sniper_area_1, sprint2_heavy_combat_area_1,
          sprint2_mutation_trap_area_1, sprint2_forest_area_1,
          sprint2_light_combat_area_1, sprint2_behind_water_1,
          sprint2_near_end_vault_1]

Skill      XL: |  1  2  3  4  5  6  7  8 |
---------------+-------------------------+-----
Fighting       | 2 3 4 5 |  5.8
Short Blades   | 3 4 6 8 |  8.3
Stealth        | 11 13 15 17 20 22 24 | 24.7
Throwing       | 3 |  3.3
Dodging        | 2 4 5 7 |  7.8

Action                     |  1- 3 |  4- 6 |  7- 9 || total
---------------------------+-------+-------+-------++-------
  Melee: Dagger            |     2 |    38 |    92 ||   132
         Punch             |       |     1 |       ||     1
  Throw: Dart              |       |       |     6 ||     6
    Use: Potion            |       |       |     1 ||     1
   Stab: Sleeping          |     2 |     5 |     8 ||    15
  Dodge: Dodged            |       |    18 |    48 ||    66

Table legend: (Time is in decaauts)
 A = Elapsed time spent in this place.
 B = Non-inter-level travel time spent in this place.
 C = Inter-level travel time spent in this place.
 D = Time resting spent in this place.
 E = Time spent auto-exploring this place.
 F = Levels seen in this place.
 G = Mean time per level.
                   A        B        C        D        E       F      G
               +--------+--------+--------+--------+--------+-----+--------+
         Total |    312 |    312 |      0 |      0 |     78 |   1 |  312.0 |
       Dungeon |    312 |    312 |      0 |      0 |     78 |   1 |  312.0 |
               +--------+--------+--------+--------+--------+-----+--------+

Top non-repeatable levels by time:
       D: 312 daAuts
